 Dungeon Crawl Stone Soup version 0.30.0-15-g856e2d3f33 (webtiles) character file.

Game seed: 7050797364903245546

428 AlmostDecent the Chopper (level 6, -4/39 HPs)
             Began as a Gargoyle Berserker on May 18, 2023.
             Was a Believer of Trog.
             Slain by an iguana (7 damage)
             ... on level 5 of the Dungeon.
             The game lasted 00:06:32 (2536 turns).

AlmostDecent the Chopper (Gargoyle Berserker)       Turns: 2536, Time: 00:06:33

Health: -4/39      AC:  9    Str: 21    XL:     6   Next: 98%
Magic:  6/6        EV: 10    Int:  7    God:    Trog [**....]
Gold:   131        SH:  3    Dex: 11    Spells: 5/5 levels left

rFire   . . .        q - +0 war axe
rCold   . . .        v - +0 buckler
rNeg    + . .        k - +0 ring mail {Will+}
rPois   ∞            (no helmet)
rElec   +            (no cloak)
rCorr   .            (no gloves)
SInv    .            (no boots)
Will    +....        (no amulet)
Stlth   +            (no ring)
HPRegen 0.26/turn    (no ring)
MPRegen 0.10/turn

%: no passive effects
@: on berserk cooldown, slowed, very slow
A: sickness immunity, AC +4, negative energy resistance 1, electricity
resistance, torment resistance 1, petrification resistance
a: Renounce Religion, Berserk, Trog's Hand


You were on level 5 of the Dungeon.
You worshipped Trog.
Trog was pleased with you.
You visited 1 branch of the dungeon, and saw 6 of its levels.

You collected 131 gold pieces.

Inventory:

Hand Weapons
 q - a +0 war axe (weapon)
Missiles
 n - a throwing net (quivered)
 o - 3 silver javelins
Armour
 k - a +0 ring mail of willpower (worn)
 v - a +0 buckler (worn)
Wands
 s - a wand of charming (5)
 t - a wand of flame (28)
Scrolls
 b - a scroll of teleportation {unknown}
 e - 3 scrolls of noise {unknown}
 g - a scroll of enchant armour {unknown}
 i - a scroll of magic mapping {unknown}
 j - 2 scrolls of identify {unknown}
 l - a scroll of immolation {unknown}
 p - a scroll of blinking {unknown}
 r - a scroll of amnesia {unknown}
 x - a scroll of fear {unknown}
Potions
 a - 3 potions of heal wounds {unknown}
 c - 2 potions of berserk rage {unknown}
 d - a potion of might {unknown}
 f - a potion of magic {unknown}
 h - a potion of resistance {unknown}
 m - 2 potions of degeneration {unknown}
 u - a potion of lignification {unknown}
 w - a potion of haste {unknown}


   Skills:
 + Level 4.5 Fighting
 * Level 6.3 Axes
 - Level 2.2 Armour
 - Level 1.6 Dodging


You had 5 spell levels left.
You didn't know any spells.
Your spell library was empty.

Dungeon Overview and Level Annotations

Branches:
Dungeon (6/15)
 Temple: D:4-7

Altars:
Dithmenos


Innate Abilities, Weirdness & Mutations

You are immune to sickness and miasma.
Your stone body is resilient. (AC +4)
You are immune to poison.
You resist negative energy. (rN+)
You are resistant to electric shocks. (rElec)
You are resistant to unholy torment.
You are immune to petrification.


Message History

Trog appreciates your killing of a magic user.
Found a scroll labelled HUYSTR CISIANIQEVA.
The orc misses you.
Items here: ))) [[ †.
You slash the orc!
You kill the orc!
Trog accepts your kill.
You slash the orc priest!
The orc priest is almost dead.
You are no longer berserk.
You are exhausted.
You feel yourself slow down.
You closely miss the orc priest.
The orc priest is almost dead.
The orc priest hits you with a +0 dagger.
The orc priest calls down the wrath of Beogh upon you.
You resist with some effort.
You closely miss the orc priest.
The orc priest is almost dead.
The orc priest closely misses you.
The orc priest invokes the aid of Beogh against you.
Pain shoots through your body!
You barely miss the orc priest.
The orc priest is almost dead.
The orc priest invokes the aid of Beogh against you.
Beogh smites you!
* * * LOW HITPOINT WARNING * * *
The orc priest looks encouraged for a moment.
You hear an angry hiss.
You barely miss the orc priest.
The orc priest is almost dead.
The orc priest mumbles some strange prayers to Beogh against you.
You resist with some effort.
An iguana comes into view.
The orc priest hits you but does no damage.
You hit the orc priest.
You kill the orc priest!
Trog accepts your kill. The iguana bites you!
You die...

#....##.....#
#....##.....# ##
............# .
..######....##### .#
................. .?#
.########'#########..#
.# #................#
.## #.###.######.l.#
......###.######@#.#
(..............))..#
......###.##....)..# .
.. #.##.###.#.# .
.....# #.#.# . ##.#..#
...?. ...#..( ..####
##..#.## #<. ..#. .#


You could see an iguana.

Vanquished Creatures
  A centaur (D:5)
  4 orc priests
  A jelly (D:5)
  An iguana (D:4)
  A sleepcap (D:5)
  3 orc wizards
  An adder (D:5)
  10 orcs
  4 bats (D:3)
  7 endoplasms
  3 giant cockroaches
  5 goblins
  10 hobgoblins
  2 jackals (D:2)
  A quokka (D:1)
  8 ball pythons
  3 frilled lizards (D:1)
  A kobold (D:3)
  8 rats
74 creatures vanquished.

Vanquished Creatures (others)
  An orc wizard (D:5)
1 creature vanquished.

Grand Total: 75 creatures vanquished

Notes
Turn   | Place    | Note
-------+----------+-------------------------------------------
     0 | D:1      | AlmostDecent the Gargoyle Berserker began the quest for the
                  | Orb.
     0 | D:1      | Reached XP level 1. HP: 14/14 MP: 1/1
   275 | D:1      | Reached XP level 2. HP: 13/19 MP: 2/2
   278 | D:1      | Reached skill level 3 in Axes
   381 | D:1      | Reached XP level 3. HP: 19/24 MP: 3/3
   573 | D:1      | Found a faded altar of an unknown god.
   718 | D:2      | Reached ** piety under Trog
   939 | D:2      | Reached XP level 4. HP: 29/29 MP: 4/4
   940 | D:2      | Reached skill level 4 in Axes
  1755 | D:3      | Reached XP level 5. HP: 33/33 MP: 5/5
  2241 | D:4      | Found a shadowy altar of Dithmenos.
  2241 | D:4      | You fall into a shaft and drop 2 floors!
  2294 | D:5      | Entered Level 5 of the Dungeon
  2317 | D:5      | Reached skill level 5 in Axes
  2379 | D:5      | Reached XP level 6. HP: 31/39 MP: 6/6
  2524 | D:5      | Reached skill level 6 in Axes
  2536 | D:5      | Slain by an iguana

Illustrated notes

Levels and vault maps discovered:
D:1:      sevenhm_arrival_forest_fort_small_3, layout_rooms,
          shapermc_ecumenical_altar_flowoftime
D:2:      layout_loops_ring, grunt_ministairs_7, glass_columns_a
D:3:      layout_basic, amcnicky_mini_pool_small
D:4:      layout_loops_ring, grunt_dithmenos_smoke, elyvilon_altar_3,
          minmay_temple_entry_slanted, minmay_small_thing
D:5:      layout_basic, mainiacjoe_overflow_catwalk,
          nicolae_overflow_two_pavilions, due_unseen_surprise
D:6:      layout_loops_corners, minmay_stone_trees_medium

Skill      XL: |  1  2  3  4  5  6 |
---------------+-------------------+-----
Axes           | 3 4 5 6 |  6.3
Fighting       | 4 |  4.5
Armour         | |  2.2
Dodging        | |  1.6

Action                     |  1- 3 |  4- 6 || total
---------------------------+-------+-------++-------
  Melee: Hand axe          |    99 |    54 ||   153
         Punch             |     2 |       ||     2
         War axe           |       |    51 ||    51
 Invoke: Berserk           |     3 |     2 ||     5
 Armour: Animal skin       |     7 |       ||     7
         Ring mail         |    44 |    48 ||    92
  Dodge: Dodged            |    65 |    64 ||   129
  Block: Buckler           |       |     1 ||     1
